 Dungeon Crawl Stone Soup version 0.20.1-1-g8b1a95d (webtiles) character file.

2614 empire the Cleaver (level 9, -2/79 HPs)
             Began as a Minotaur Fighter on Oct 27, 2017.
             Slain by an orc warrior
             ... wielding a +0 halberd
              (17 damage)
             ... in a bailey.
             The game lasted 00:13:50 (6503 turns).

empire the Cleaver (Minotaur Fighter)               Turns: 6503, Time: 00:13:51

Health: -2/79      AC: 10    Str: 22    XL:     9   Next: 34%
Magic:  8/8        EV: 11    Int:  5    God:
Gold:   369        SH: 12    Dex: 18    Spells: 8/8 levels left

rFire    . . .     SeeInvis .   a - +1 war axe
rCold    . . .     Gourm    .   c - +1 shield
rNeg     . . .     Faith    .   I - +0 scale mail
rPois    .         Spirit   .   (helmet restricted)
rElec    .         Reflect  .   (no cloak)
rCorr    .         Harm     .   d - +2 pair of gloves
MR       .....                  (no boots)
Stlth    ..........             n - amulet of rage
Regen    0.3/turn               (no ring)
MPRegen  0.2/turn               y - +6 ring of dexterity

@: drained
A: retaliatory headbutt, horns 2
a: Evoke Berserk Rage


You were in a bailey.
You were not hungry.

You visited 1 branch of the dungeon, and saw 7 of its levels.
You also visited: Sewer and Bailey.

You collected 369 gold pieces.

Inventory:

Hand Weapons
 a - a +1 war axe (weapon)
 b - a +4 halberd
 g - a +0 great sword
 l - a +1 dagger of venom
Armour
 c - a +1 shield (worn)
 d - a +2 pair of gloves (worn)
 z - a +0 plate armour
 I - a +0 scale mail (worn)
Jewellery
 i - an uncursed ring of fire
 n - an amulet of rage (around neck)
 x - an uncursed amulet of magic regeneration {unknown}
 y - a +6 ring of dexterity (right hand)
 E - an uncursed ring of flight
 H - an uncursed ring of ice
 J - an uncursed ring of teleportation
Scrolls
 e - 3 scrolls of fear
 u - 2 scrolls of teleportation
 v - 3 scrolls of remove curse
 B - a scroll of noise {unknown}
 G - a scroll of magic mapping
Potions
 h - a potion of curing
 j - 2 potions of haste {unknown}
 m - a potion of brilliance {unknown}
 o - 2 potions of berserk rage
 p - 3 potions of mutation {unknown}
 q - 2 potions of flight
 r - a potion of degeneration {unknown}
 s - a potion of invisibility {unknown}
 t - 2 potions of cancellation {unknown}
 A - a potion of ambrosia
Books
 C - a book of Misfortune

   Spells                             Type                      Level
   a - Confusing Touch                Hexes                        1
   b - Confuse                        Hexes                        3
   c - Gell's Gravitas                Translocation                3
   d - Petrify                        Transmutation/Earth          4
   e - Metabolic Englaciation         Hexes/Ice                    5
   f - Yara's Violent Unravelling     Hexes/Transmutation          5
Comestibles
 f - 5 bread rations
 k - 3 fruits
 w - 2 meat rations
 D - 4 chunks of flesh
 F - a royal jelly


   Skills:
 + Level 7.1(6.2) Fighting
 * Level 9.3(8.4) Axes
 + Level 6.9(6.0) Armour
 + Level 5.7(4.9) Dodging
 + Level 7.2(6.3) Shields
 + Level 0.3(0.0) Evocations


You had 8 spell levels left.
You didn't know any spells.

Dungeon Overview and Level Annotations

Branches:
Dungeon (7/15)             Temple (0/1) D:5

Altars:
Cheibriados
Dithmenos
Gozag
Qazlal
Sif Muna
Trog
The Shining One


Innate Abilities, Weirdness & Mutations

You reflexively headbutt those who attack you in melee.
You have a pair of horns on your head.


Message History

You hit the orc warrior.
The orc warrior is lightly wounded.
The orc warrior hits you with a halberd!
You closely miss the orc warrior. You headbutt the orc warrior.
The orc warrior is moderately wounded.
You block the orc warrior's attack.
You closely miss the orc warrior.
The orc warrior is moderately wounded.
You block the orc warrior's attack.
You completely miss the orc warrior.
The orc warrior is moderately wounded.
You hit the orc warrior. Your headbutt misses the orc warrior.
The orc warrior is heavily wounded.
The orc warrior hits you with a halberd!
* * * LOW HITPOINT WARNING * * *
You hit the orc warrior but do no damage.
You headbutt the orc warrior, but do no damage.
The orc warrior is heavily wounded.
The orc warrior hits you with a halberd!
You die...

.≈≈..## ##..≈≈..........#
≈≈..##.∩.##..≈≈≈≈≈≈≈≈≈≈.#
...##.....##........).≈.#
#######+###'#########.≈.#
..§§....## ... ##)≈.#
§≈§≈≈≈≈..##.$.##..≈.#
§.....§≈..##.##).≈≈.#
..⌠⌠⌠.o≈≈..#o#..≈≈.∩#
...⌠.oo≈≈..#@#..≈≈.##
§§...o≈≈..'#.##..≈≈.#
≈≈≈≈≈≈§.§##...##..≈.# .#
§§......##.....##.≈.# ##
##+#############.≈.#
##....)))[..≈.# ######
##..≈≈≈≈≈≈≈≈≈≈.# ##)).##
##..≈≈..........#
#.)≈..###..≈≈..##########


You could see an orc warrior.

Vanquished Creatures
  Pikel (D:5)
  The ghost of Fingolfin the Spear-Bearer, an amateur MfGl (D:3)
  Menkaure (D:4)
  Edmund (D:5)
  2 slaves (D:5)
  An orc warrior (D:6)
  A sky beast (D:5)
  Purgy (Sewer)
  A phantom (D:6)
  A centaur (D:6)
  3 ogres
  A big kobold (D:4)
  2 bullfrogs (D:6)
  5 wights (D:6)
  A crimson imp (D:6)
  A bullfrog zombie (D:6)
  2 orc priests
  2 hounds
  An iguana (D:6)
  2 orc wizards
  2 worker ants (D:6)
  A hound skeleton (D:4)
  8 adders
  2 river rats (D:3)
  4 oozes
  An adder zombie (D:6)
  3 adder skeletons
  6 worms
  3 dart slugs
  4 leopard geckos
  31 orcs
  6 bats
  11 giant cockroaches
  4 goblins
  4 hobgoblins
  4 jackals (D:3)
  3 quokkas
  8 ball pythons
  A ball python skeleton (D:5)
  7 frilled lizards
  A jackal zombie (D:5)
  30 kobolds
  A leopard gecko skeleton (D:7)
  A quokka zombie (D:5)
  5 rats
  41 plants (D:4)
223 creatures vanquished.

Vanquished Creatures (others)
  A wizard (D:3)
  A shadow imp (D:5)
2 creatures vanquished.

Grand Total: 225 creatures vanquished

Notes
Turn   | Place    | Note
-------+----------+-------------------------------------------
     0 | D:1      | empire the Minotaur Fighter began the quest for the Orb.
     0 | D:1      | Reached XP level 1. HP: 19/19 MP: 0/0
    38 | D:1      | Reached XP level 2. HP: 24/27 MP: 1/1
   156 | D:1      | Reached skill level 3 in Axes
   471 | D:1      | Reached XP level 3. HP: 31/33 MP: 2/2
   781 | D:2      | Reached skill level 1 in Dodging
  1007 | D:2      | Reached XP level 4. HP: 40/40 MP: 3/3
  1194 | D:3      | Found an opulent altar of Gozag.
  1197 | D:3      | Found a shadowy altar of Dithmenos.
  1197 | D:3      | Found a stormy altar of Qazlal.
  1244 | D:3      | Reached skill level 4 in Axes
  1520 | D:3      | Reached XP level 5. HP: 25/46 MP: 4/4
  1537 | D:3      | Found a glowing drain.
  1549 | Sewer    | Entered a sewer
  1663 | Sewer    | Noticed Purgy
  1671 | Sewer    | Killed Purgy
  1787 | D:3      | Found a deep blue altar of Sif Muna.
  1796 | D:3      | Found a glowing golden altar of the Shining One.
  1828 | D:3      | Noticed Fingolfin's ghost (amateur MfGl)
  1839 | D:3      | Killed Fingolfin's ghost
  1839 | D:3      | Reached skill level 5 in Fighting
  1839 | D:3      | Reached skill level 5 in Axes
  1839 | D:3      | Reached skill level 5 in Shields
  1839 | D:3      | Reached XP level 6. HP: 26/56 MP: 5/5
  2086 | D:3      | Found a bloodstained altar of Trog.
  2087 | D:3      | Noticed a wizard
  2093 | D:3      | Killed a wizard
  2502 | D:4      | Reached skill level 5 in Armour
  2502 | D:4      | Reached XP level 7. HP: 24/61 MP: 6/6
  2853 | D:4      | Reached skill level 6 in Axes
  3246 | D:4      | Noticed Menkaure
  3253 | D:4      | Killed Menkaure
  3997 | D:5      | Entered Level 5 of the Dungeon
  3997 | D:5      | Found a staircase to the Ecumenical Temple.
  4035 | D:5      | Noticed Pikel
  4045 | D:5      | Killed Pikel
  4045 | D:5      | Reached skill level 7 in Axes
  4045 | D:5      | Reached XP level 8. HP: 39/70 MP: 7/7
  4751 | D:5      | Noticed Edmund
  4762 | D:5      | Killed Edmund
  4794 | D:5      | Reached skill level 8 in Axes
  5116 | D:6      | Reached skill level 5 in Dodging
  5225 | D:6      | Reached XP level 9. HP: 78/78 MP: 8/8
  5310 | D:6      | Found a snail-covered altar of Cheibriados.
  5541 | D:6      | Reached skill level 9 in Axes
  6174 | D:7      | Found a flagged portal.
  6186 | Bailey   | Entered a bailey
  6480 | Bailey   | Noticed an orc knight
  6503 | Bailey   | Slain by an orc warrior

Skill      XL: |  1  2  3  4  5  6  7  8  9 |
---------------+----------------------------+-----
Axes           | 3 4 5 7 8 9 |  9.3
Shields        | 4 5 6 7 |  7.2
Dodging        | 1 2 3 4 5 |  5.7
Armour         | 4 5 6 |  6.9
Fighting       | 4 5 6 7 |  7.1
Evocations     | |  0.3

Action                   |  1- 3 |  4- 6 |  7- 9 || total
-------------------------+-------+-------+-------++-------
Melee: War axe           |   102 |    97 |   553 ||   752
       Headbutt          |    12 |    15 |   176 ||   203
  Use: Scroll            |       |     8 |    12 ||    20
       Potion            |       |     1 |       ||     1
  Eat: Chunk             |     1 |     4 |    13 ||    18
       Fruit             |       |       |     2 ||     2
Armor: Scale mail        |    40 |    32 |    76 ||   148
Dodge: Dodged            |    40 |    43 |   104 ||   187
Block: Shield            |    69 |    60 |   184 ||   313
